TOP OF THE 1ST |
Great Lakes Loons batting - Pitching for Fort Wayne TinCaps : RHP Derek Ziolkowski
|
Pitching: RHP Derek Ziolkowski
|
|
Batting: RHB Pablo Lopez
|
0-0: Ball 1-0: Ground out 2-3 (Groundball, 13S, EV 61.9 MPH)
|
Batting: RHB Alex Melgoza
|
0-0: Foul Ball, location: 2F 0-1: Swinging Strike 0-2: Strikes out swinging
|
Batting: RHB Jonathan Kirsch
|
0-0: Called Strike 0-1: Ball 1-1: Fly out, F9 (Flyball, 9S, EV 78.1 MPH)
|
Top of the 1st over - 0 runs, 0 hits, 0 errors, 0 left on base; Great Lakes 0 - Fort Wayne 0 |
BOTTOM OF THE 1ST |
Fort Wayne TinCaps batting - Pitching for Great Lakes Loons : RHP Oscar Andrade
|
Pitching: RHP Oscar Andrade
|
|
Batting: RHB Paul Wood
|
0-0: Hit by Pitch
|
Batting: RHB Slamet Pamungkas
|
0-0: Ball 1-0: Foul Ball, location: 2F 1-1: Called Strike 1-2: Strikes out swinging
|
Batting: RHB Danny Krug
|
0-0: Ball 1-0: Reached on error, E3 (Groundball, 34, EV 109.4 MPH) Paul Wood to second
|
Batting: RHB Bill Vives
|
0-0: Swinging Strike 0-1: Swinging Strike 0-2: Foul Ball, location: 2F 0-2: Grounds into double play, 5-4-3 (Groundball, 56, EV 83.8 MPH)
|
Bottom of the 1st over - 0 runs, 0 hits, 1 error, 1 left on base; Great Lakes 0 - Fort Wayne 0 |
TOP OF THE 2ND |
Great Lakes Loons batting - Pitching for Fort Wayne TinCaps : RHP Derek Ziolkowski
|
Batting: RHB Eddie Perry
|
0-0: Ground out 1-3 (Groundball, 13, EV 67.5 MPH)
|
Batting: LHB Jim Jardine
|
0-0: Ball 1-0: Foul Ball, location: 2F 1-1: Foul Ball, location: 2F 1-2: Foul Ball, location: 2F 1-2: Fly out, F7 (Flyball, 7LSF, EV 87.5 MPH)
|
Batting: LHB Josh Moore
|
0-0: Ball 1-0: Ball 2-0: Foul Ball, location: 2F 2-1: Fly out, F2 (Popup, 23F, EV 91.2 MPH)
|
Top of the 2nd over - 0 runs, 0 hits, 0 errors, 0 left on base; Great Lakes 0 - Fort Wayne 0 |
BOTTOM OF THE 2ND |
Fort Wayne TinCaps batting - Pitching for Great Lakes Loons : RHP Oscar Andrade
|
Batting: LHB Dean Luttman
|
0-0: Ball 1-0: Ball 2-0: Ball 3-0: Base on Balls
|
Batting: RHB Steve Clark
|
0-0: Called Strike 0-1: Ball 1-1: Grounds into double play, 4-6-3 (Groundball, 4, EV 85.0 MPH)
|
Batting: RHB Dave Cordero
|
0-0: Swinging Strike 0-1: Swinging Strike 0-2: Strikes out swinging
|
Bottom of the 2nd over - 0 runs, 0 hits, 0 errors, 0 left on base; Great Lakes 0 - Fort Wayne 0 |
TOP OF THE 3RD |
Great Lakes Loons batting - Pitching for Fort Wayne TinCaps : RHP Derek Ziolkowski
|
Batting: SHB Danny Jensen
|
0-0: Ball 1-0: Ground out 4-3 (Groundball, 4, EV 84.4 MPH)
|
Batting: SHB Josh Vaill
|
0-0: Ball 1-0: Ball 2-0: Ball 3-0: Called Strike 3-1: Foul Ball, location: 2F 3-2: Foul Ball, location: 2F 3-2: Strikes out looking
|
Batting: RHB Ingidayehu Lagat
|
0-0: Ball 1-0: Called Strike 1-1: Foul Ball, location: 2F 1-2: Strikes out swinging
|
Top of the 3rd over - 0 runs, 0 hits, 0 errors, 0 left on base; Great Lakes 0 - Fort Wayne 0 |
BOTTOM OF THE 3RD |
Fort Wayne TinCaps batting - Pitching for Great Lakes Loons : RHP Oscar Andrade
|
Batting: LHB Tony Contreras
|
0-0: Fly out, F7 (Flyball, 7, EV 78.1 MPH)
|
Batting: RHB Sung-hwan Jung
|
0-0: Ball 1-0: Ball 2-0: DOUBLE (Line Drive, 7LS, EV 101.9 MPH)
|
Batting: RHB Paul Wood
|
0-0: Ball 1-0: Ball 2-0: Ball 3-0: Base on Balls
|
Batting: RHB Slamet Pamungkas
|
0-0: Called Strike 0-1: Swinging Strike 0-2: Ball 1-2: Ball 2-2: Foul Ball, location: 2F 2-2: Strikes out swinging
|
Batting: RHB Danny Krug
|
0-0: Ball 1-0: Ball 2-0: Swinging Strike 2-1: Ground out 4-3 (Groundball, 4, EV 89.4 MPH)
|
Bottom of the 3rd over - 0 runs, 1 hit, 0 errors, 2 left on base; Great Lakes 0 - Fort Wayne 0 |
TOP OF THE 4TH |
Great Lakes Loons batting - Pitching for Fort Wayne TinCaps : RHP Derek Ziolkowski
|
Batting: RHB Pablo Lopez
|
0-0: Ball 1-0: Foul Ball, location: 2F 1-1: Ball 2-1: Swinging Strike 2-2: Ball 3-2: Foul Ball, location: 2F 3-2: Ground out U3 (Groundball, 34, EV 103.8 MPH)
|
Batting: RHB Alex Melgoza
|
0-0: Called Strike 0-1: Swinging Strike 0-2: Ball 1-2: Foul Ball, location: 2F 1-2: Strikes out looking
|
Batting: RHB Jonathan Kirsch
|
0-0: Ball 1-0: Ball 2-0: Ball 3-0: Called Strike 3-1: Base on Balls
|
Batting: RHB Eddie Perry
|
0-0: Ball 1-0: Ball 2-0: Fly out, F9 (Flyball, 89M, EV 87.5 MPH)
|
Top of the 4th over - 0 runs, 0 hits, 0 errors, 1 left on base; Great Lakes 0 - Fort Wayne 0 |
BOTTOM OF THE 4TH |
Fort Wayne TinCaps batting - Pitching for Great Lakes Loons : RHP Oscar Andrade
|
Batting: RHB Bill Vives
|
0-0: Ball 1-0: Swinging Strike 1-1: Foul Ball, location: 2F 1-2: Foul Ball, location: 2F 1-2: Ball 2-2: Strikes out swinging, 2-3 out at first.
|
Batting: LHB Dean Luttman
|
0-0: Called Strike 0-1: Ball 1-1: Swinging Strike 1-2: Strikes out swinging
|
Batting: RHB Steve Clark
|
0-0: Called Strike 0-1: Swinging Strike 0-2: Ball 1-2: Ball 2-2: Strikes out swinging
|
Bottom of the 4th over - 0 runs, 0 hits, 0 errors, 0 left on base; Great Lakes 0 - Fort Wayne 0 |
TOP OF THE 5TH |
Great Lakes Loons batting - Pitching for Fort Wayne TinCaps : RHP Derek Ziolkowski
|
Batting: LHB Jim Jardine
|
0-0: Ball 1-0: Called Strike 1-1: Ball 2-1: Reached on error, E3 (Groundball, 3, EV 92.5 MPH)
|
Batting: LHB Josh Moore
|
0-0: Ball 1-0: Grounds into double play, U6-3 (Groundball, 4MD, EV 108.1 MPH)
|
Batting: SHB Danny Jensen
|
0-0: Ball 1-0: Ball 2-0: Swinging Strike 2-1: Ground out 6-3 (Groundball, 4, EV 103.8 MPH)
|
Top of the 5th over - 0 runs, 0 hits, 1 error, 0 left on base; Great Lakes 0 - Fort Wayne 0 |
BOTTOM OF THE 5TH |
Fort Wayne TinCaps batting - Pitching for Great Lakes Loons : RHP Oscar Andrade
|
Batting: RHB Dave Cordero
|
0-0: Called Strike 0-1: Foul Ball, location: 2F 0-2: Foul Ball, location: 2F 0-2: SINGLE (Line Drive, 78S, EV 95.6 MPH)
|
Batting: LHB Tony Contreras
|
0-0: Called Strike 0-1: Ball 1-1: Ball 2-1: Foul Ball, location: 2F 2-2: Strikes out swinging
|
Batting: RHB Sung-hwan Jung
|
0-0: Ball 1-0: Called Strike 1-1: Swinging Strike 1-2: Strikes out swinging
|
Batting: RHB Paul Wood
|
0-0: Foul Ball, location: 2F 0-1: Ball 1-1: Ball 2-1: Ball 3-1: Base on Balls Dave Cordero to second
|
Batting: RHB Slamet Pamungkas
|
0-0: Ball 1-0: DOUBLE (Line Drive, 9LD, EV 109.4 MPH) Dave Cordero scores Paul Wood to third Runner from 3rd tries for Home, SAFE, no throw by RF
|
Batting: RHB Danny Krug
|
0-0: Intentional Walk
|
Batting: RHB Bill Vives
|
0-0: Swinging Strike 0-1: Called Strike 0-2: Ball 1-2: Strikes out swinging
|
Bottom of the 5th over - 2 runs, 2 hits, 0 errors, 2 left on base; Great Lakes 0 - Fort Wayne 2 |
TOP OF THE 6TH |
Great Lakes Loons batting - Pitching for Fort Wayne TinCaps : RHP Derek Ziolkowski
|
Batting: SHB Josh Vaill
|
0-0: Ball 1-0: Called Strike 1-1: Ball 2-1: Ball 3-1: Foul Ball, location: 2F 3-2: Foul Ball, location: 2F 3-2: Foul Ball, location: 2F 3-2: Base on Balls
|
Batting: RHB Ingidayehu Lagat
|
0-0: Called Strike 0-1: Foul Ball, location: 2F 0-2: Foul Ball, location: 2F 0-2: Ball 1-2: Foul Ball, location: 2F 1-2: Foul Ball, location: 2F 1-2: Ball 2-2: Strikes out swinging
|
Batting: RHB Pablo Lopez
|
0-0: SINGLE (Groundball, 34, EV 96.9 MPH) Josh Vaill to second Runner from 2nd tries for 3rd, SAFE, throw by RF made to third
|
Batting: RHB Alex Melgoza
|
0-0: Called Strike 0-1: Swinging Strike 0-2: Ball 1-2: Foul Ball, location: 2F 1-2: Ball 2-2: Foul Ball, location: 2F 2-2: Fly out, F8 (Line Drive, 78M, EV 101.2 MPH)
|
Batting: RHB Jonathan Kirsch
|
0-0: Ball 1-0: Called Strike 1-1: Ball 2-1: Foul Ball, location: 2F 2-2: Foul Ball, location: 2F 2-2: Ball 3-2: Foul Ball, location: 2F 3-2: Strikes out swinging
|
Top of the 6th over - 0 runs, 1 hit, 0 errors, 2 left on base; Great Lakes 0 - Fort Wayne 2 |
BOTTOM OF THE 6TH |
Fort Wayne TinCaps batting - Pitching for Great Lakes Loons : RHP Oscar Andrade
|
Batting: LHB Dean Luttman
|
0-0: Called Strike 0-1: Ball 1-1: SINGLE (Groundball, 4D, EV 99.4 MPH)
|
Batting: RHB Steve Clark
|
0-0: Ball 1-0: Foul Ball, location: 2F 1-1: Ball 2-1: Ball 3-1: Grounds into double play, 5-4-3 (Groundball, 56, EV 89.4 MPH)
|
Batting: RHB Dave Cordero
|
0-0: Swinging Strike 0-1: Ball 1-1: Foul Ball, location: 2F 1-2: Ground out 5-3 (Groundball, 56S, EV 81.2 MPH)
|
Bottom of the 6th over - 0 runs, 1 hit, 0 errors, 0 left on base; Great Lakes 0 - Fort Wayne 2 |
TOP OF THE 7TH |
Great Lakes Loons batting - Pitching for Fort Wayne TinCaps : RHP Derek Ziolkowski
|
Pitching: RHP Jason Barlow
|
|
Batting: RHB Eddie Perry
|
0-0: Fly out, F7 (Line Drive, 78D, EV 86.9 MPH)
|
Batting: LHB Jim Jardine
|
0-0: Ball 1-0: Foul Ball, location: 2F 1-1: Ball 2-1: Foul Ball, location: 2F 2-2: Foul Ball, location: 2F 2-2: SOLO HOME RUN (Flyball, 89XD, EV 105.6 MPH), Distance : 409 ft
|
Batting: LHB Josh Moore
|
0-0: Ball 1-0: Foul Ball, location: 2F 1-1: Foul Ball, location: 2F 1-2: Strikes out looking
|
Batting: SHB Danny Jensen
|
0-0: Ball 1-0: Ball 2-0: Called Strike 2-1: Foul Ball, location: 2F 2-2: Strikes out looking
|
Top of the 7th over - 1 run, 1 hit, 0 errors, 0 left on base; Great Lakes 1 - Fort Wayne 2 |
BOTTOM OF THE 7TH |
Fort Wayne TinCaps batting - Pitching for Great Lakes Loons : RHP Oscar Andrade
|
Batting: LHB Tony Contreras
|
0-0: Ball 1-0: Ball 2-0: Called Strike 2-1: Foul Ball, location: 2F 2-2: DOUBLE (Flyball, 78XD, EV 97.5 MPH)
|
Pitching: RHP Balinda Msrah
|
|
Batting: RHB Sung-hwan Jung
|
0-0: Reached on error, E6 (Groundball, 6, EV 82.5 MPH) Tony Contreras to third
|
Batting: RHB Paul Wood
|
0-0: Ball 1-0: SINGLE (Flyball, 89S, EV 86.9 MPH) Tony Contreras scores Sung-hwan Jung to second
|
Batting: RHB Slamet Pamungkas
|
0-0: Foul Ball, location: 2F 0-1: Ball 1-1: Ball 2-1: Bunt missed! 2-2: Strikes out looking
|
Batting: RHB Danny Krug
|
0-0: Ball 1-0: Foul Ball, location: 2F 1-1: Grounds into double play, 4-6-3 (Groundball, 4, EV 87.5 MPH)
|
Bottom of the 7th over - 1 run, 2 hits, 1 error, 1 left on base; Great Lakes 1 - Fort Wayne 3 |
TOP OF THE 8TH |
Great Lakes Loons batting - Pitching for Fort Wayne TinCaps : RHP Jason Barlow
|
Batting: SHB Josh Vaill
|
0-0: Ball 1-0: Ball 2-0: Swinging Strike 2-1: Foul Ball, location: 2F 2-2: Foul Ball, location: 2F 2-2: Foul Ball, location: 2F 2-2: Ball 3-2: Base on Balls
|
Batting: RHB Ingidayehu Lagat
|
0-0: Ball 1-0: Foul Ball, location: 2F 1-1: Ball 2-1: Called Strike 2-2: Ball 3-2: Base on Balls Josh Vaill to second
|
Batting: RHB Pablo Lopez
|
0-0: Bunted foul 0-1: Ball 1-1: Bunted foul 1-2: Ball 2-2: Ball 3-2: Strikes out looking
|
Batting: RHB Alex Melgoza
|
0-0: Called Strike 0-1: Ball 1-1: Ball 2-1: Ball 3-1: Base on Balls Josh Vaill to third Ingidayehu Lagat to second
|
Batting: RHB Jonathan Kirsch
|
0-0: Ball 1-0: Grounds into fielders choice 3-2 (Groundball, 34, EV 83.8 MPH) Ingidayehu Lagat to third Alex Melgoza to second
|
Batting: RHB Eddie Perry
|
0-0: Ball 1-0: Swinging Strike 1-1: Foul Ball, location: 2F 1-2: Strikes out swinging
|
Top of the 8th over - 0 runs, 0 hits, 0 errors, 3 left on base; Great Lakes 1 - Fort Wayne 3 |
BOTTOM OF THE 8TH |
Fort Wayne TinCaps batting - Pitching for Great Lakes Loons : RHP Balinda Msrah
|
Batting: RHB Bill Vives
|
0-0: Fly out, F9 (Flyball, 9S, EV 96.9 MPH)
|
Batting: LHB Dean Luttman
|
0-0: Ground out 4-3 (Groundball, 4, EV 84.4 MPH)
|
Batting: RHB Steve Clark
|
0-0: Foul Ball, location: 2F 0-1: Foul Ball, location: 2F 0-2: SINGLE (Groundball, 6MD, EV 94.4 MPH)
|
Batting: RHB Dave Cordero
|
0-0: Fly out, F8 (Flyball, 89M, EV 83.1 MPH)
|
Bottom of the 8th over - 0 runs, 1 hit, 0 errors, 1 left on base; Great Lakes 1 - Fort Wayne 3 |
TOP OF THE 9TH |
Great Lakes Loons batting - Pitching for Fort Wayne TinCaps : RHP Jason Barlow
|
Pitching: LHP Manny Santiago
|
|
Now at 1B: Dave Cordero
|
|
Now at 2B: Cesar Ortega
|
|
Batting: LHB Jim Jardine
|
0-0: Swinging Strike 0-1: Ball 1-1: Ball 2-1: Ball 3-1: SINGLE (Line Drive, 7S, EV 103.1 MPH)
|
Pinch Hitting: RHB Juan Gallardo
|
0-0: Ball 1-0: Ball 2-0: Grounds into double play, 6-4-3 (Groundball, 6, EV 88.8 MPH)
|
Batting: SHB Danny Jensen
|
0-0: Fly out, F9 (Flyball, 9, EV 92.5 MPH)
|
Top of the 9th over - 0 runs, 1 hit, 0 errors, 0 left on base; Great Lakes 1 - Fort Wayne 3 |
|